 Dungeon Crawl Stone Soup version 0.23-a0-270-gab6feb3 (webtiles) character file.

5753 tilp the Spear-Bearer (level 10, -1/72 HPs)
             Began as a Merfolk Ice Elementalist on Oct 1, 2018.
             Was a Priest of Makhleb.
             Slain by an eight-headed hydra (11 damage)
             ... on level 11 of the Dungeon.
             The game lasted 00:38:13 (11761 turns).

tilp the Spear-Bearer (Merfolk Ice Elementalist)   Turns: 11761, Time: 00:38:14

Health: -1/72      AC: 14    Str: 11    XL:     10   Next: 77%
Magic:  12/15      EV: 15    Int: 17    God:    Makhleb [***...]
Gold:   374        SH:  5    Dex: 16    Spells: 10/16 levels left

rFire    + + +     SeeInvis .   a - +0 trident (venom)
rCold    + . .     Gourm    .   t - +0 buckler
rNeg     . . .     Faith    .   I - +2 leather armour {rF+}
rPois    .         Spirit   .   x - +1 helmet of Xidohym {rF++ rC+ Stlth+}
rElec    .         Reflect  .   K - +1 cloak
rCorr    .         Harm     .   n - +1 pair of gloves
MR       +....                  y - +2 pair of boots
Stlth    +++.......             (no amulet)
HPRegen  0.22/turn              g - +3 ring of strength
MPRegen  0.14/turn              m - ring of protection from magic

@: no status effects
A: change form in water, swift swim, stealthy swim
a: Minor Destruction, Lesser Servant of Makhleb, Renounce Religion


You were on level 11 of the Dungeon.
You worshipped Makhleb.
Makhleb was most pleased with you.
You were hungry.

You visited 2 branches of the dungeon, and saw 12 of its levels.

You collected 640 gold pieces.
You spent 266 gold pieces at shops.

Inventory:

Hand Weapons
 a - a +0 trident of venom (weapon)
 b - a +1 spear of piercing
 z - a +0 glaive
Missiles
 j - 28 tomahawks (quivered)
 P - 5 tomahawks of returning
 R - 7 javelins
Armour
 n - a +1 pair of gloves (worn)
 t - a +0 buckler (worn)
 x - the +1 helmet of Xidohym (worn) {rF++ rC+ Stlth+}
   (You found it on level 4 of the Dungeon)

   It greatly protects you from fire.
   It protects you from cold.
   It makes you more stealthy.
 y - a +2 pair of boots (worn)
 I - a +2 leather armour of fire resistance (worn)
 K - a +1 cloak (worn)
Jewellery
 f - an uncursed ring of positive energy
 g - a +3 ring of strength (left hand)
 m - a ring of protection from magic (right hand)
 B - an uncursed ring of positive energy
Wands
 i - a wand of iceblast (16)
 G - a wand of flame (54)
 J - a wand of digging (7)
Scrolls
 d - a scroll of fear
 q - a scroll of amnesia
 r - 3 scrolls of blinking
 v - a scroll of enchant weapon {unknown}
 A - 2 scrolls of remove curse
 C - a scroll of holy word {unknown}
 F - 2 scrolls of magic mapping
 H - a scroll of acquirement {unknown}
 M - a scroll of random uselessness {unknown}
 O - a scroll of identify
 Q - a scroll of teleportation
Potions
 e - 2 potions of heal wounds
 h - a potion of mutation
 k - a potion of berserk rage
 l - 3 potions of curing
 o - a potion of lignification {unknown}
 p - 3 potions of flight
 s - 2 potions of agility
 u - a potion of brilliance {unknown}
 w - 2 potions of might
 E - a potion of ambrosia {unknown}
 L - a potion of haste {unknown}
Miscellaneous
 D - a crystal ball of energy
Comestibles
 c - 21 rations


   Skills:
 - Level 4.2 Fighting
 - Level 14.1 Polearms
 - Level 6.0 Dodging
 - Level 2.1 Stealth
 - Level 4.0 Shields
 + Level 3.9 Spellcasting
 - Level 2.0 Conjurations
 + Level 3.9 Charms
 - Level 6.1 Ice Magic
 + Level 3.9 Invocations
 + Level 3.6 Evocations


You had 10 spell levels left.
You knew the following spells:

 Your Spells              Type           Power        Failure   Level  Hunger
a - Freeze                Ice            ###.         1%          1    None
b - Throw Frost           Conj/Ice       ###...       6%          2    ##.....
c - Ozocubu's Armour      Chrm/Ice       ###.....     8%          3    ###....

Your spell library contained the following spells:

 Spells                   Type           Power        Failure   Level  Hunger
 Magic Dart               Conj           ##..         9%          1    None
 Searing Ray              Conj           ##....       14%         2    ##.....
 Confusing Touch          Hex            #.....       22%         1    None
 Poisonous Vapours        Pois/Air       #.....       32%         2    ##.....
 Throw Icicle             Conj/Ice       ###.....     36%         4    ####...
 Conjure Flame            Conj/Fire      #.......     38%         3    ###....
 Dazzling Spray           Conj/Hex       #.....       38%         3    ###....
 Mephitic Cloud           Conj/Pois/Air  #.......     43%         3    ###....
 Summon Ice Beast         Ice/Summ       ##......     52%         4    ####...
 Confuse                  Hex            #.......     54%         3    ###....
 Gell's Gravitas          Tloc           #.........   54%         3    ###....
 Iskenderun's Mystic Bla  Conj           ##......     65%         4    ####...
 Force Lance              Conj/Tloc      #.......     80%         4    ####...
 Fulminant Prism          Conj/Hex       #.........   80%         4    ####...
 Metabolic Englaciation   Hex/Ice        ##........   86%         5    ######.
 Petrify                  Tmut/Erth      #.......     91%         4    ####...
 Yara's Violent Unravell  Hex/Tmut       #.........   99%         5    ######.
 Freezing Cloud           Conj/Ice/Air   ##........   100%        6    #######
 Ring of Flames           Chrm/Fire      ##........   100%        7    #######


Dungeon Overview and Level Annotations

Branches:
Dungeon (11/15)            Temple (1/1) D:6             Orc (0/2) D:10
   Lair: D:8-11

Altars:
Ashenzari
Cheibriados
Dithmenos
Fedhas
Gozag
Hepliaklqana
Kikubaaqudgha
Makhleb
Nemelex Xobeh
Okawaru
Qazlal
Ru
Sif Muna
Trog
Uskayaw
Vehumet
Wu Jian
Xom
Yredelemnul
Zin
The Shining One

Shops:
D:6 *   D:7 [

Annotations:
D:3 1 runed door, Sigmund
D:4 Edmund
D:5 2 transporters, Dowan; Duvessa; kirsanium's ghost, amateur OpSu
D:6 Grinder
D:9 exclusion: 2 two-headed ogres, Joseph


Message History

You block the eight-headed hydra's attack.
The eight-headed hydra bites you. The eight-headed hydra misses you. x2
You hit the eight-headed hydra.
The eight-headed hydra is lightly wounded.
The komodo dragon bites you!!
Unknown command.
You swap places.
Your icy armour cracks and falls away as you move.
The komodo dragon bites your smoke demon!!
Your smoke demon gestures at the komodo dragon.
The ball of steam hits the komodo dragon.
The eight-headed hydra bites you but does no damage.
You block the eight-headed hydra's attack.
The eight-headed hydra bites you!
* * * LOW HITPOINT WARNING * * *
You block the eight-headed hydra's attack.
The eight-headed hydra bites you.
* * * LOW HITPOINT WARNING * * *
The eight-headed hydra bites you!
You die...

#.....# #.....#
####.....#
.........#
.......#
####.....###.....
.................
##@#.## ....
#3D#..#.....
#lC#..#..$..
#§Y.........
#§....##.##
#####..#
#..........
#..........
#..........


You could see an eight-headed hydra, a cyclops, a komodo dragon, a sky beast and
a friendly smoke demon.

Vanquished Creatures
  A centaur zombie (D:10)
  A queen bee (shapeshifter) (D:10)
  2 wyverns (D:10)
  A hungry ghost (D:9)
  4 orc warriors
  A water moccasin (D:10)
  2 black bears
  4 ice beasts
  4 sky beasts
  An ogre (D:10)
  A centaur (D:7)
  2 big kobolds (D:10)
  2 bullfrogs
  A gnoll sergeant (D:8)
  A wyvern zombie (D:9)
  3 scorpions
  15 killer bees
  2 vampire bats (D:5)
  4 wights (D:9)
  3 howler monkeys
  2 crimson imps
  3 bullfrog zombies
  A quasit (D:7)
  7 orc priests
  A bullfrog skeleton (D:8)
  A hound (D:10)
  7 jellies
  A centaur skeleton (D:7)
  4 iguanas
  An iron imp (D:7)
  Jessica (D:3)
  Terence (D:3)
  5 orc wizards
  9 worker ants
  2 hound zombies
  2 howler monkey zombies (D:6)
  2 worker ant zombies
  11 adders
  7 gnolls
  A shadow imp (D:8)
  5 oozes (D:10)
  An adder zombie (D:9)
  5 worms
  6 leopard geckos
  60 orcs
  9 bats
  3 bat skeletons (D:5)
  A bat zombie (D:5)
  A giant cockroach (D:6)
  6 goblins
  14 hobgoblins
  9 jackals
  5 quokkas
  A ball python (D:2)
  3 frilled lizards
  15 kobolds
  3 rats
271 creatures vanquished.

Notes
Turn   | Place    | Note
-------+----------+-------------------------------------------
     0 | D:1      | tilp the Merfolk Ice Elementalist began the quest for the
                  | Orb.
     0 | D:1      | Reached XP level 1. HP: 13/13 MP: 3/3
   152 | D:1      | Reached XP level 2. HP: 17/19 MP: 3/5
   199 | D:1      | Learned a level 2 spell: Throw Frost
   355 | D:1      | You fall through a shaft!
   499 | D:2      | Reached XP level 3. HP: 15/24 MP: 0/6
   504 | D:2      | Learned a level 3 spell: Ozocubu's Armour
   933 | D:2      | Reached skill level 5 in Ice Magic
  1363 | D:2      | Reached XP level 4. HP: 30/30 MP: 4/7
  1508 | D:3      | Noticed Jessica
  1678 | D:3      | Noticed Grinder
  1828 | D:3      | Found a runed door.
  1875 | D:3      | Noticed Terence
  1886 | D:3      | Killed Terence
  1886 | D:3      | Reached XP level 5. HP: 18/36 MP: 0/8
  2189 | D:3      | Killed Jessica
  2189 | D:3      | Reached skill level 1 in Fighting
  2193 | D:3      | Reached skill level 1 in Shields
  2980 | D:3      | Found a shimmering altar of Xom.
  3107 | D:3      | Noticed Sigmund
  3301 | D:4      | Noticed Edmund
  3641 | D:4      | Got a slimy helmet
  3647 | D:4      | Identified the +1 helmet of Xidohym {rF++ rC+ Stlth+} (You
                  | found it on level 4 of the Dungeon)
  4074 | D:5      | Entered Level 5 of the Dungeon
  4221 | D:5      | Reached XP level 6. HP: 46/46 MP: 9/9
  4233 | D:5      | Noticed a sky beast
  4337 | D:5      | Found a transporter.
  4340 | D:5      | Noticed kirsanium's ghost (amateur OpSu)
  4355 | D:5      | Found a transporter.
  4487 | D:5      | Noticed Dowan
  4794 | D:5      | Reached XP level 7. HP: 43/52 MP: 10/10
  4971 | D:5      | Noticed Duvessa
  5255 | D:5      | Found an ancient bone altar of Kikubaaqudgha.
  5616 | D:6      | Reached skill level 1 in Polearms
  5843 | D:6      | Reached skill level 2 in Polearms
  5848 | D:6      | Reached skill level 3 in Polearms
  5848 | D:6      | Reached skill level 5 in Dodging
  5857 | D:6      | Reached XP level 8. HP: 53/60 MP: 9/11
  6258 | D:6      | Found Gozag's Platinum Reserve.
  6258 | D:6      | Found an opulent altar of Gozag.
  6302 | D:6      | Reached skill level 4 in Polearms
  6338 | D:6      | Found a staircase to the Ecumenical Temple.
  6371 | Temple   | Entered the Ecumenical Temple
  6382 | Temple   | Became a worshipper of Makhleb the Destroyer
  6701 | D:6      | Reached skill level 5 in Polearms
  6988 | D:6      | Reached skill level 6 in Polearms
  7201 | D:7      | Reached skill level 7 in Polearms
  7299 | D:7      | Found Bofreala's Armour Shop.
  7308 | D:7      | Bought a +2 leather armour of fire resistance for 266 gold
                  | pieces
  7414 | D:7      | Reached skill level 8 in Polearms
  7435 | D:7      | Found a bloodstained altar of Trog.
  7528 | D:7      | Found a snail-covered altar of Cheibriados.
  7642 | D:7      | Found a stormy altar of Qazlal.
  7860 | D:7      | Reached skill level 9 in Polearms
  7986 | D:8      | Reached XP level 9. HP: 61/65 MP: 12/12
  8009 | D:8      | Reached skill level 10 in Polearms
  8069 | D:8      | Found a shadowy altar of Dithmenos.
  8114 | D:8      | Reached skill level 11 in Polearms
  8180 | D:8      | Reached * piety under Makhleb
  8444 | D:8      | Reached skill level 12 in Polearms
  9278 | D:9      | Noticed Joseph
  9303 | D:9      | Reached skill level 13 in Polearms
  9616 | D:9      | Reached ** piety under Makhleb
  9686 | D:9      | Reached skill level 14 in Polearms
  9755 | D:9      | Found a sacrificial altar of Ru.
  9814 | D:9      | Reached skill level 1 in Conjurations
  9814 | D:9      | Reached XP level 10. HP: 69/72 MP: 10/13
  9831 | D:9      | Reached skill level 1 in Charms
  9851 | D:9      | Reached skill level 1 in Invocations
  9851 | D:9      | Reached skill level 1 in Evocations
  9870 | D:9      | Noticed a two-headed ogre
 10019 | D:9      | Noticed a two-headed ogre
 10404 | D:9      | Found a blossoming altar of Fedhas.
 10434 | D:10     | Entered Level 10 of the Dungeon
 10825 | D:10     | Reached *** piety under Makhleb
 10881 | D:10     | Found a staircase to the Orcish Mines.
 11728 | D:11     | Noticed a cyclops
 11747 | D:11     | Noticed an eight-headed hydra
 11761 | D:11     | Slain by an eight-headed hydra

Vault maps used:
D:1:      tarquinn_simple_flora_water_a, interstate_on_off
D:3:      tgw_xom, minmay_stone_trees_large, uniq_terence, uniq_grinder,
          uniq_jessica, uniq_sigmund, uniq_crazy_yiuf_cottage
D:4:      uniq_edmund
D:5:      kennysheep_vampire_church, first_ration, gammafunk_ghost_stat_death,
          uniq_duvessa
D:6:      nicolae_gozag_zags_fifth_avenue, minmay_temple_entry_mist
D:7:      slow_altar_1, lemuel_round_altar, old_standard_altar, serial_shops,
          shop, grunt_ministairs_2, due_unseen_surprise
D:8:      marbit_many_paths
D:9:      lemuel_coloured_pillars_altar, lemuel_doored_altar, uniq_joseph,
          uniq_erica
D:10:     hiddenorc2_lemuel, hangedman_little_slice_of_home
D:11:     david_lair_shrubbed, gammafunk_ghost_arena
Temple:   cyrus_circular_temple

Skill      XL: |  1  2  3  4  5  6  7  8  9 10 |
---------------+-------------------------------+-----
Ice Magic      | 4 5 6 |  6.1
Fighting       | 2 3 4 |  4.2
Shields        | 2 3 4 |  4.0
Dodging        | 5 6 |  6.0
Polearms       | 3 9 14 | 14.1
Conjurations   | 1 2 |  2.0
Charms         | 3 |  3.9
Invocations    | 3 |  3.9
Evocations     | 3 |  3.6
Spellcasting   | 3 |  3.9
Stealth        | |  2.1

Action                   |  1- 3 |  4- 6 |  7- 9 | 10-12 || total
-------------------------+-------+-------+-------+-------++-------
Melee: Unarmed           |     6 |       |       |       ||     6
       Short sword       |    39 |   182 |   107 |       ||   328
       Spear             |       |       |   169 |    18 ||   187
       Trident           |       |       |   248 |   347 ||   595
       Tailslap          |       |       |     2 |     4 ||     6
Throw: Tomahawk          |       |     1 |     9 |     2 ||    12
 Cast: Freeze            |    26 |    23 |    30 |    17 ||    96
       Ozocubu's Armour  |       |     5 |    20 |     8 ||    33
       Throw Frost       |       |     1 |     3 |     1 ||     5
Invok: Lesser Servant of |       |       |       |     1 ||     1
Evoke: Wand              |       |       |     1 |       ||     1
  Use: Scroll            |     1 |     6 |    11 |     4 ||    22
       Potion            |       |       |     3 |       ||     3
 Stab: Sleeping          |     3 |     6 |    12 |     2 ||    23
       Distracted        |       |       |     1 |       ||     1
  Eat: Chunk             |     1 |     9 |    13 |     4 ||    27
       Ration            |       |     1 |     3 |     1 ||     5
Armor: Robe              |    11 |    33 |    77 |       ||   121
       Leather armour    |       |       |    58 |    55 ||   113
Dodge: Dodged            |    42 |   128 |   328 |   112 ||   610
Block: Buckler           |       |       |    87 |    47 ||   134

Table legend:
 A = Non-vault XP
 B = Vault XP
 C = Vault XP percentage of total XP
 D = Non-vault monster count
 E = Vault monster count
 F = Vault count percentage of total count
                 A         B        C        D         E       F
            +---------+---------+-------+---------+---------+-------
      Total |    7186 |    1033 |  12.6 |     212 |      59 |  21.8
            +---------+---------+-------+---------+---------+-------
        D:1 |      21 |       0 |   0.0 |      12 |       0 |   0.0
        D:2 |      99 |       0 |   0.0 |      29 |       0 |   0.0
        D:3 |      59 |      84 |  58.7 |      19 |       9 |  32.1
        D:4 |      36 |       0 |   0.0 |      12 |       0 |   0.0
        D:5 |     546 |     123 |  18.4 |      15 |       6 |  28.6
        D:6 |     752 |       0 |   0.0 |      26 |       0 |   0.0
        D:7 |     370 |      84 |  18.5 |      14 |       2 |  12.5
        D:8 |    1339 |      52 |   3.7 |      27 |       2 |   6.9
        D:9 |    1388 |       0 |   0.0 |      22 |       0 |   0.0
       D:10 |    2505 |     690 |  21.6 |      34 |      40 |  54.1
       D:11 |      71 |       0 |   0.0 |       2 |       0 |   0.0
            +---------+---------+-------+---------+---------+-------
